 Dungeon Crawl Stone Soup version 0.31-a0-4-gefa6de2278 (webtiles) character file.

Game seed: 9011610599458700867

5 Jarnaxa the Chopper (level 1, 16/16 HPs)
             Began as a Demonspawn Gladiator on May 4, 2023.
             Was a Plaything of Xom.
             Quit the game on level 1 of the Dungeon.
             The game lasted 00:00:39 (118 turns).

Jarnaxa the Chopper (Demonspawn Gladiator)           Turns: 118, Time: 00:00:40

Health: 16/16      AC:  4    Str: 14    XL:     1   Next: 66%
Magic:  1/1        EV: 12    Int:  9    God:    Xom [..*...]
Gold:   3          SH:  0    Dex: 14    Spells: 0/0 levels left

rFire   . . .        a - +0 war axe
rCold   . . .        (no shield)
rNeg    . . .        b - +0 leather armour
rPois   .            c - +0 helmet
rElec   .            (no cloak)
rCorr   .            (no gloves)
SInv    .            (no boots)
Will    .....        (no amulet)
Stlth   +            (no ring)
HPRegen 0.22/turn    (no ring)
MPRegen 0.07/turn

%: no passive effects
@: no status effects
A: no striking features
a: Renounce Religion


You were on level 1 of the Dungeon.
You worshipped Xom.
You were a toy of Xom.
You visited 1 branch of the dungeon, and saw 1 of its levels.

You collected 3 gold pieces.

Inventory:

Hand Weapons
 a - a +0 war axe (weapon)
Missiles
 d - 3 throwing nets (quivered)
 e - a javelin
Armour
 b - a +0 leather armour (worn)
 c - a +0 helmet (worn)
Scrolls
 f - a scroll of teleportation {unknown}
Potions
 g - 2 potions of ambrosia {unknown}


   Skills:
 + Level 2.0 Fighting
 + Level 2.8 Axes
 + Level 1.8 Throwing
 + Level 2.8 Dodging


You couldn't memorise any spells.
You didn't know any spells.
Your spell library was empty.

Dungeon Overview and Level Annotations

Branches:
Dungeon (1/15)

Altars:
Xom


Message History

The ball python hisses angrily. x2
A rat comes into view.
The giant cockroach closely misses you.
You slash the giant cockroach!
You kill the giant cockroach!
A rat comes into view.
You slash the ball python!
You kill the ball python!
The ball python bites you. The ball python barely misses you.
You barely miss the ball python. The ball python closely misses you.
The ball python grabs you. The ball python constricts you.
The rat barely misses you.
You slash the ball python!
You kill the ball python!
You closely miss the rat. The rat bites you. The rat barely misses you.
The rat closely misses you.
Things that are here:
a ball python corpse; a ball python corpse
There are monsters nearby!
You hit the rat.
You kill the rat!
You slash the rat!
You kill the rat!
No target in view!
HP restored.
Found a mace.
Found a hand axe.
Found a faded altar of an unknown god.
Found a stone staircase leading down.
There is an escape hatch in the floor here.
There is a stone staircase leading down here.
You now have 3 gold pieces.
g - 2 brown potions You see here a +0 mace.
There is a faded altar of an unknown god here.
You see here a -3 hand axe.
This altar belongs to (a) Xom, (b) Uskayaw or (c) Hepliaklqana, but you can't tell which.
Press the corresponding letter to learn more about a god, or press enter to convert or escape to cancel.
Xom accepts your prayer! Xom welcomes you!
Xom is very intrigued!
Are you sure you want to abandon this character and quit the game? (Confirm with "yes".)

#.# #.......#.##..
#(.
##.......#.##.#
##.
#...††......... .
#....†..#####.#
##.[.....# #.#
..........# #.#
###.......#####.#
#####....>..>...#
#..@......####..#
#...#............#
#.##...###)####.##
#....### #......#
##### ########


There were no monsters in sight!

Vanquished Creatures
  2 ball pythons (D:1)
  A giant cockroach (D:1)
  A bat (D:1)
  2 rats (D:1)
6 creatures vanquished.

Vanquished Creatures (others)
  A plant (D:1)
1 creature vanquished.

Grand Total: 7 creatures vanquished

Notes
Turn   | Place    | Note
-------+----------+-------------------------------------------
     0 | D:1      | Jarnaxa the Demonspawn Gladiator began the quest for the
                  | Orb.
     0 | D:1      | Reached XP level 1. HP: 16/16 MP: 1/1
    90 | D:1      | Found a faded altar of an unknown god.
   117 | D:1      | Prayed at the altar of an unknown god.
   117 | D:1      | Became a worshipper of Xom of Chaos
   118 | D:1      | Quit the game

Illustrated notes

Levels and vault maps discovered:
D:1:      eino_arrival_water_cross, layout_loops_cross,
          ebering_ecumenical_altar_rust

Action                     || total
---------------------------++-------
  Melee: War axe           ||     7
 Armour: Leather armour    ||     2
  Dodge: Dodged            ||     8

Table legend: (Time is in decaauts)
 A = Elapsed time spent in this place.
 B = Non-inter-level travel time spent in this place.
 C = Inter-level travel time spent in this place.
 D = Time resting spent in this place.
 E = Time spent auto-exploring this place.
 F = Levels seen in this place.
 G = Mean time per level.
                   A        B        C        D        E       F      G
               +--------+--------+--------+--------+--------+-----+--------+
         Total |    120 |    120 |      0 |      0 |     84 |   1 |  120.0 |
       Dungeon |    120 |    120 |      0 |      0 |     84 |   1 |  120.0 |
               +--------+--------+--------+--------+--------+-----+--------+

Top non-repeatable levels by time:
     D:1: 120 daAuts
